 Dungeon Crawl Stone Soup version 0.28-a0-828-g0121872642 (webtiles) character file.

Game seed: 15338694534351144959

135 vurker the Gusty (level 4, 0/19 HPs)
             Began as a Felid Air Elementalist on Nov 10, 2021.
             Slain by Grinder (7 damage)
             ... while paralysed by Grinder
             ... on level 3 of the Dungeon.
             The game lasted 00:04:10 (3523 turns).

vurker the Gusty (Felid Air Elementalist)           Turns: 3523, Time: 00:04:10

Health: 0/19       AC:  1    Str:  4    XL:     4   Next: 96%
Magic:  3/10       EV:  4    Int: 24    God:
Gold:   128        SH:  0    Dex: 16    Spells: 9/10 levels left
                                        Lives:  0   Deaths: 1

rFire   . . .      SeeInvis +   (weapon unavailable)
rCold   . . .      Faith    .   (shield unavailable)
rNeg    . . .      Spirit   .   (armour unavailable)
rPois   .          Reflect  .   (helmet unavailable)
rElec   .          Harm     .   (cloak unavailable)
rCorr   .          Rampage  .   (gloves unavailable)
Will    .....                   (boots unavailable)
Stlth   ++........              (no amulet)
HPRegen 0.06/turn               d - ring of wizardry
MPRegen 0.12/turn               j - +6 ring of intelligence

@: paralysed, quick
A: very small, claws 1, fangs 3, see invisible, speed 1, shaggy fur 1, stealthy
paws, no weapons or thrown items, no armour, multi-lived
a: no special abilities


You were on level 3 of the Dungeon.
You visited 1 branch of the dungeon, and saw 3 of its levels.

You collected 128 gold pieces.

Inventory:

Jewellery
 d - a ring of wizardry (left paw)
   (You found it on level 1 of the Dungeon)
 j - a +6 ring of intelligence (right paw)
   (You found it on level 2 of the Dungeon)
Scrolls
 c - 2 scrolls of immolation {unknown}
 e - a scroll of identify {unknown}
 f - 2 scrolls of teleportation {unknown}
 h - a scroll of magic mapping {unknown}
 i - a scroll of fear {unknown}
 k - a scroll of amnesia {unknown}
Potions
 a - a potion of cancellation {unknown}
 b - a potion of curing {unknown}
 g - a potion of brilliance {unknown}
 l - a potion of flight {unknown}
 m - a potion of lignification {unknown}


   Skills:
 + Level 2.1 Fighting
 - Level 2.6 Dodging
 - Level 2.6 Stealth
 * Level 3.6 Spellcasting
 + Level 2.2 Conjurations
 * Level 4.1 Air Magic


You had 9 spell levels left.
You knew the following spells:

 Your Spells              Type           Power      Damage    Failure   Level
a - Shock                 Conj/Air       76%        1d7       1%          1

Your spell library contained the following spells:

 Spells                   Type           Power      Damage    Failure   Level
 Static Discharge         Conj/Air       19%        N/A       1%          2
 Swiftness                Air            24%        N/A       2%          3
 Airstrike                Air            12%        N/A       8%          4


Dungeon Overview and Level Annotations

Branches:
Dungeon (3/15)

Altars:

Shops:
D:2 =   D:3 =

Annotations:
D:3 Grinder


Innate Abilities, Weirdness & Mutations

You have sharp claws.
You have razor-sharp teeth.
You have supernaturally acute eyesight. (SInv)
You cover ground quickly. (Speed+)
You are covered in fur. (AC +1)
Your paws help you pounce on unaware monsters.
You are incapable of wielding weapons or throwing items.
You cannot wear armour.
You gain extra lives every three experience levels.


Message History

Okay, then.
You see here a +0 hunting sling.
Grinder says, "Make like a tree!"
Aim: Grinder (moderately wounded, 68% to hit)
The zap hits Grinder.
Grinder hits you.
* * * LOW HITPOINT WARNING * * *
You writhe in agony.
* * * LOW HITPOINT WARNING * * *
You aren't carrying any items that you can evoke.
Aim: Grinder (moderately wounded, 68% to hit)
The zap hits Grinder.
Grinder barely misses you.
Aim: Grinder (heavily wounded, 68% to hit)
The zap hits Grinder.
Grinder hits you!
You die...
You writhe in agony.
You are now level 4!
You rejoin the land of the living...
Unknown command.
Grinder gestures at you.
You suddenly lose the ability to move!
Grinder gestures at you. You resist with some effort.
Grinder grins, showing sharp teeth.
Grinder gestures at you.
You shrug off the repeated paralysis!
You can move again.
There is an open door here.
Aim: Grinder (severely wounded, 68% to hit)
The zap hits Grinder.
Aim: Grinder (severely wounded, 68% to hit)
The zap misses Grinder.
Grinder hits you.
You writhe in agony.
Aim: Grinder (severely wounded, 68% to hit)
The zap hits Grinder but does no damage.
Grinder misses you.
Aim: Grinder (severely wounded, 68% to hit)
The zap misses Grinder.
Grinder gestures at you.
You struggle to resist.
Aim: Grinder (severely wounded, 68% to hit)
The zap hits Grinder.
Grinder misses you.
The zap misses Grinder. x2; Grinder barely misses you.
The zap misses Grinder. x2; Grinder hits you!
* * * LOW HITPOINT WARNING * * *
You writhe in agony.
* * * LOW HITPOINT WARNING * * *
The zap misses Grinder.
The zap hits Grinder.
Grinder gestures at you.
You suddenly lose the ability to move!
Grinder hits you!
You die...

##........#.##...#.......#####
####..##....#...#.......#
#.............##.......#
######.#...#.....###......#
#......#.#.#.###.#
#......#.#.....#.# #..
#......'...#.#.#####..#
#......#.............#
#......###...)@.##..# ########
######5#..# #........##
#.........# #.....<.#..#
#....)..##..# #.....†.# #..#
######### #.. ##


You could see Grinder.

Vanquished Creatures
  Sigmund (D:2)
  Robin (D:2)
  4 adders
  An orc (D:2)
  4 ball pythons
  7 endoplasms
  3 giant cockroaches
  13 goblins
  6 hobgoblins
  3 jackals (D:3)
  3 bats (D:2)
  4 frilled lizards
  6 kobolds
  6 rats (D:1)
62 creatures vanquished.

Vanquished Creatures (others)
  A fungus (D:1)
1 creature vanquished.

Grand Total: 63 creatures vanquished

Notes
Turn   | Place    | Note
-------+----------+-------------------------------------------
     0 | D:1      | vurker the Felid Air Elementalist began the quest for the
                  | Orb.
     0 | D:1      | Reached XP level 1. HP: 7/7 MP: 4/4
   176 | D:1      | Reached skill level 1 in Conjurations
   315 | D:1      | Reached XP level 2. HP: 12/12 MP: 1/6
   600 | D:1      | Reached skill level 3 in Air Magic
  1257 | D:2      | Noticed Robin
  1370 | D:1      | Reached XP level 3. HP: 11/15 MP: 0/7
  1638 | D:2      | Found a faded altar of an unknown god.
  1793 | D:2      | Reached skill level 1 in Fighting
  2135 | D:2      | Found Yfucoakh's Jewellery Emporium.
  2298 | D:2      | Reached XP level 4. HP: 19/19 MP: 1/9
  2298 | D:2      | Killed Robin
  2593 | D:2      | Noticed Sigmund
  2605 | D:2      | Killed Sigmund
  2606 | D:2      | Reached skill level 4 in Air Magic
  2606 | D:2      | Reached XP level 5. HP: 10/22 MP: 5/11
  3195 | D:3      | Found Fixaegots's Jewellery Shop.
  3279 | D:3      | Noticed Grinder
  3500 | D:3      | Mangled by Grinder
  3501 | D:3      | Reached XP level 4. HP: -7/19 MP: 5/10
  3509 | D:3      | Paralysed by Grinder for 3 turns
  3522 | D:3      | Paralysed by Grinder for 7 turns
  3523 | D:3      | Slain by Grinder

Illustrated notes

Levels and vault maps discovered:
D:1:      dpeg_arrival_prison, layout_loops_ring
D:2:      layout_basic, hellmonk_ecumenical_altar_crossroads, serial_shops,
          nicolae_lakefront_shop, uniq_robin, uniq_sigmund
D:3:      kennysheep_the_goblin_king, layout_basic,
          nemelex_diamond_rough_becter, serial_shops, shop, uniq_jessica,
          uniq_grinder

Skill      XL: |  1  2  3  4 |
---------------+-------------+-----
Conjurations   | 1 2 |  2.2
Air Magic      | 3 4 |  4.1
Fighting       | 1 2 |  2.1
Spellcasting   | 3 |  3.6
Dodging        | |  2.6
Stealth        | |  2.6

Action                   |  1- 3 |  4- 6 || total
-------------------------+-------+-------++-------
Melee: Unarmed           |     4 |     2 ||     6
 Cast: Shock             |   104 |    61 ||   165
Armor: Skin              |       |     3 ||     3
Dodge: Dodged            |    16 |    13 ||    29

Table legend: (Time is in decaauts)
 A = Elapsed time spent in this place.
 B = Non-inter-level travel time spent in this place.
 C = Inter-level travel time spent in this place.
 D = Time resting spent in this place.
 E = Time spent auto-exploring this place.
 F = Levels seen in this place.
 G = Mean time per level.
                   A        B        C        D        E       F      G
               +--------+--------+--------+--------+--------+-----+--------+
         Total |   3230 |   3151 |     79 |    265 |   2500 |   3 | 1076.7 |
       Dungeon |   3230 |   3151 |     79 |    265 |   2500 |   3 | 1076.7 |
               +--------+--------+--------+--------+--------+-----+--------+

Top non-repeatable levels by time:
     D:2: 1789 daAuts
     D:1: 1135 daAuts
     D:3: 306 daAuts
